 Dungeon Crawl Stone Soup version 0.26-a0-971-g1d9d62bb61 (webtiles) character file.

Game seed: 157821214791843299

37 dickylongcocking the Sneak (level 3, -1/29 HPs)
             Began as a Merfolk Delver on Dec 4, 2020.
             Splashed by a jelly's acid (5 damage)
             ... on level 5 of the Dungeon.
             The game lasted 00:00:19 (681 turns).

dickylongcocking the Sneak (Merfolk Delver)          Turns: 681, Time: 00:00:19

Health: -1/29      AC: -4    Str: 13    XL:     3   Next: 41%
Magic:  3/3        EV: 12    Int:  9    God:
Gold:   19         SH:  0    Dex: 15    Spells: 2/2 levels left

rFire    . . .     SeeInvis .   a - +0 spear
rCold    . . .     Faith    .   (no shield)
rNeg     . . .     Spirit   .   b - +0 leather armour
rPois    .         Reflect  .   (no helmet)
rElec    .         Harm     .   (no cloak)
rCorr    .         Rampage  .   (no gloves)
MR       .....                  (no boots)
Stlth    +++.......             (no amulet)
HPRegen  0.09/turn              (no ring)
MPRegen  0.08/turn              (no ring)

@: corroded
A: change form in water, swift swim, stealthy swim
a: no special abilities


You were on level 5 of the Dungeon.
You visited 1 branch of the dungeon, and saw 1 of its levels.

You collected 19 gold pieces.

Inventory:

Hand Weapons
 a - a +0 spear (weapon)
Armour
 b - a +0 leather armour (worn)
Wands
 g - a wand of digging (3)
Scrolls
 c - a scroll of fog
 d - a scroll of magic mapping
 e - a scroll of fear
Potions
 f - a potion of haste


   Skills:
 - Level 3.2 Fighting
 * Level 5.3 Polearms
 + Level 0.3 Armour
 - Level 2.6 Dodging
 - Level 5.4 Stealth


You had 2 spell levels left.
You didn't know any spells.
Your spell library was empty.

Dungeon Overview and Level Annotations

Branches:
Dungeon (5/15)
 Temple: D:4-7

Altars:


Message History

Done waiting.
You see here a jackal skeleton.
You open the door.
A jelly comes into view.
A jelly is nearby!
A jelly is nearby!
A jelly is nearby!
There is an open door here.
The jelly quivers.
You hit the jelly.
Your hands burn!
The jelly is moderately wounded.
The jelly jiggles.
The jelly hits you.
You are splashed with acid!
You hit the jelly. The acid corrodes you!
Your hands burn!
The jelly is severely wounded.
The jelly hits you. The acid corrodes you!
You are splashed with acid!
* * * LOW HITPOINT WARNING * * *
You are too injured to fight recklessly!
You hit the jelly but do no damage.
Your hands burn!
You die...

.....# .....# .....# ...........
##...# #........... ##...#
#............. .....#.....#
+............. .....#.....#
#.............
.....#.....#..#####.............
.....#.....+...J@.#.............
##...#.....#......'.............
####+#.....########.............
.....#.................÷÷.......
.....'.................÷........
##...#..........................
######..........................
# #........>................. #
#.....##'###...............


You could see a jelly.

Vanquished Creatures
  A jelly (D:5)
  A worm (D:5)
  A leopard gecko (D:5)
  3 jackals (D:5)
6 creatures vanquished.

Notes
Turn   | Place    | Note
-------+----------+-------------------------------------------
     0 | D:5      | dickylongcocking the Merfolk Delver began the quest for the
                  | Orb.
     0 | D:5      | Reached XP level 1. HP: 18/18 MP: 1/1
   187 | D:5      | Noticed a jelly
   190 | D:5      | Killed a jelly
   191 | D:5      | Reached skill level 5 in Polearms
   191 | D:5      | Reached XP level 2. HP: 19/24 MP: 2/2
   191 | D:5      | Reached XP level 3. HP: 23/29 MP: 3/3
   681 | D:5      | Splashed by a jelly's acid

Illustrated notes

Levels and vault maps discovered:
D:5:      layout_gridville, basic_altar, uniq_edmund, uniq_blork_the_orc,
          uniq_pikel

Skill      XL: |  1 |
---------------+----+-----
Polearms       | 5 |  5.3
Fighting       | |  3.2
Armour         | |  0.3
Dodging        | |  2.6
Stealth        | |  5.4

Action                   || total
-------------------------++-------
Melee: Spear             ||    39
 Stab: Sleeping          ||     1
Armor: Leather armour    ||     8
Dodge: Dodged            ||    32

Table legend: (Time is in decaauts)
 A = Elapsed time spent in this place.
 B = Non-inter-level travel time spent in this place.
 C = Inter-level travel time spent in this place.
 D = Time resting spent in this place.
 E = Time spent auto-exploring this place.
 F = Levels seen in this place.
 G = Mean time per level.
                   A        B        C        D        E       F      G
               +--------+--------+--------+--------+--------+-----+--------+
         Total |    676 |    676 |      0 |    531 |     90 |   1 |  676.0 |
       Dungeon |    676 |    676 |      0 |    531 |     90 |   1 |  676.0 |
               +--------+--------+--------+--------+--------+-----+--------+

Top non-repeatable levels by time:
     D:5: 676 daAuts
